PAAA
FOREST CITY WARRIORS @ TEXAS BRONZE SOX
05/08/2041
 
TOP OF THE 1ST
Forest City Warriors batting - Pitching for Texas Bronze Sox : RHP Jay Mahabir
Pitching: RHP Jay Mahabir
Batting: SHB Esteban Piñeiro 0-0: Ball
1-0: Ground out 1-3 (Groundball, 13S, EV 66.9 MPH)
Batting: RHB Roberto Vázquez 0-0: Swinging Strike
0-1: Called Strike
0-2: Ball
1-2: Strikes out looking
Batting: LHB Derek Healey 0-0: Ball
1-0: Ball
2-0: Ball
3-0: Called Strike
3-1: Fly out, F8 (Flyball, 8RM, EV 86.2 MPH)
Top of the 1st over - 0 runs, 0 hits, 0 errors, 0 left on base; Forest City 0 - Texas 0
BOTTOM OF THE 1ST
Texas Bronze Sox batting - Pitching for Forest City Warriors : LHP Arnie Harper
Pitching: LHP Arnie Harper
Batting: RHB John Ryan 0-0: Called Strike
0-1: Ball
1-1: Foul Ball, location: 2F
1-2: Ball
2-2: Fly out, F8 (Flyball, 8LM, EV 78.1 MPH)
Batting: RHB Craig Greene 0-0: Called Strike
0-1: Called Strike
0-2: Ball
1-2: Strikes out swinging
Batting: RHB Andy Garnet 0-0: Foul Ball, location: 2F
0-1: Foul Ball, location: 2F
0-2: SINGLE (Groundball, 56D, EV 95.6 MPH)
Batting: LHB Joe Karnowski 0-0: Ground out 4-3 (Groundball, 4, EV 86.2 MPH)
Bottom of the 1st over - 0 runs, 1 hit, 0 errors, 1 left on base; Forest City 0 - Texas 0
TOP OF THE 2ND
Forest City Warriors batting - Pitching for Texas Bronze Sox : RHP Jay Mahabir
Batting: RHB Wilbur Davis 0-0: Ball
1-0: Ball
2-0: Ball
3-0: Called Strike
3-1: Called Strike
3-2: Base on Balls
Batting: RHB Tom Camden 0-0: Ball
1-0: Called Strike
1-1: Swinging Strike
1-2: Strikes out looking
Batting: LHB Bob Giles 0-0: Called Strike
0-1: Ball
1-1: Ball
2-1: Fly out, F8 (Flyball, 8RM, EV 88.8 MPH)
Batting: RHB Ernest Franks 0-0: Called Strike
0-1: Fielders Choice at 2nd, U6 (Groundball, 6M, EV 97.5 MPH)
Top of the 2nd over - 0 runs, 0 hits, 0 errors, 1 left on base; Forest City 0 - Texas 0
BOTTOM OF THE 2ND
Texas Bronze Sox batting - Pitching for Forest City Warriors : LHP Arnie Harper
Batting: RHB Mitsuhide Bando 0-0: Ground out 6-3 (Groundball, 6, EV 99.4 MPH)
Batting: LHB Jayden Laming 0-0: Swinging Strike
0-1: Ball
1-1: Ball
2-1: Called Strike
2-2: Strikes out swinging
Batting: LHB Dave Watts 0-0: SINGLE (Line Drive, 5D, EV 107.5 MPH)
Batting: RHB Gilberto Clemente 0-0: Foul Ball, location: 2F
0-1: Ball
1-1: Ball
2-1: Called Strike
2-2: Ball
3-2: Foul Ball, location: 2F
3-2: Foul Ball, location: 2F
3-2: Base on Balls
Dave Watts to second
Batting: RHB Víctor Murguia 0-0: Called Strike
0-1: Called Strike
0-2: Ball
1-2: Foul Ball, location: 2F
1-2: Ball
2-2: Foul Ball, location: 2F
2-2: 3-RUN HOME RUN (Line Drive, 78XD, EV 105.0 MPH), Distance : 411 ft
Batting: RHB John Ryan 0-0: Ground out 5-3 (Groundball, 56, EV 95.0 MPH)
Bottom of the 2nd over - 3 runs, 2 hits, 0 errors, 0 left on base; Forest City 0 - Texas 3
TOP OF THE 3RD
Forest City Warriors batting - Pitching for Texas Bronze Sox : RHP Jay Mahabir
Batting: RHB José Álvarez 0-0: Called Strike
0-1: Ball
1-1: Fly out, F7 (Flyball, 78M, EV 88.1 MPH)
Batting: RHB Dale Epner 0-0: Ball
1-0: Called Strike
1-1: Ball
2-1: Foul Ball, location: 2F
2-2: Fly out, F7 (Flyball, 7LM, EV 91.2 MPH)
Batting: SHB Esteban Piñeiro 0-0: Ball
1-0: Ball
2-0: Ball
3-0: Base on Balls
Batting: RHB Roberto Vázquez 0-0: Ball
1-0: Ball
2-0: Ball
3-0: Called Strike
3-1: Foul Ball, location: 2F
3-2: Fly out, F9 (Flyball, 89S, EV 86.2 MPH)
Top of the 3rd over - 0 runs, 0 hits, 0 errors, 1 left on base; Forest City 0 - Texas 3
BOTTOM OF THE 3RD
Texas Bronze Sox batting - Pitching for Forest City Warriors : LHP Arnie Harper
Batting: RHB Craig Greene 0-0: Ball
1-0: Ball
2-0: Foul Ball, location: 2F
2-1: SINGLE (Line Drive, 4MD, EV 104.4 MPH)
Batting: RHB Andy Garnet 0-0: Ball
1-0: Called Strike
1-1: Called Strike
1-2: Strikes out looking
Batting: LHB Joe Karnowski 0-0: Ball
1-0: Fielders Choice at 2nd, 1-6 (Groundball, 13S, EV 61.9 MPH)
Batting: RHB Mitsuhide Bando 0-0: Ball
1-0: Swinging Strike
1-1: Fielders Choice at 2nd, 6-4 (Groundball, 6, EV 84.4 MPH)
Bottom of the 3rd over - 0 runs, 1 hit, 0 errors, 1 left on base; Forest City 0 - Texas 3
TOP OF THE 4TH
Forest City Warriors batting - Pitching for Texas Bronze Sox : RHP Jay Mahabir
Batting: LHB Derek Healey 0-0: Called Strike
0-1: Ball
1-1: Called Strike
1-2: Strikes out looking
Batting: RHB Wilbur Davis 0-0: Ball
1-0: Swinging Strike
1-1: SINGLE (Groundball, 6D, EV 102.5 MPH)
Batting: RHB Tom Camden 0-0: Fielders Choice at 2nd, 6-4 (Groundball, 6, EV 102.5 MPH)
Batting: LHB Bob Giles 0-0: Called Strike
Tom Camden steals 2nd base
0-1: Ball
1-1: Called Strike
1-2: Ball
2-2: Strikes out swinging
Top of the 4th over - 0 runs, 1 hit, 0 errors, 1 left on base; Forest City 0 - Texas 3
BOTTOM OF THE 4TH
Texas Bronze Sox batting - Pitching for Forest City Warriors : LHP Arnie Harper
Batting: LHB Jayden Laming 0-0: Ball
1-0: Ground out 4-3 (Groundball, 4, EV 105.0 MPH)
Batting: LHB Dave Watts 0-0: Swinging Strike
0-1: Swinging Strike
0-2: Ball
1-2: Ball
2-2: Ball
3-2: Fly out, F7 (Flyball, 78S, EV 85.0 MPH)
Batting: RHB Gilberto Clemente 0-0: Ball
1-0: Called Strike
1-1: Ball
2-1: DOUBLE (Flyball, 8LXD, EV 105.6 MPH)
Batting: RHB Víctor Murguia 0-0: Foul Ball, location: 2F
0-1: Swinging Strike
0-2: Ball
1-2: Foul Ball, location: 2F
1-2: Strikes out looking
Bottom of the 4th over - 0 runs, 1 hit, 0 errors, 1 left on base; Forest City 0 - Texas 3
TOP OF THE 5TH
Forest City Warriors batting - Pitching for Texas Bronze Sox : RHP Jay Mahabir
Batting: RHB Ernest Franks 0-0: Called Strike
0-1: Foul Ball, location: 2F
0-2: Ball
1-2: Ground out 6-3 (Groundball, 6MS, EV 71.9 MPH)
Batting: RHB José Álvarez 0-0: Ball
1-0: Fly out, F8 (Flyball, 89D, EV 90.6 MPH)
Batting: RHB Dale Epner 0-0: Fly out, F8 (Line Drive, 8LM, EV 110.0 MPH)
Top of the 5th over - 0 runs, 0 hits, 0 errors, 0 left on base; Forest City 0 - Texas 3
BOTTOM OF THE 5TH
Texas Bronze Sox batting - Pitching for Forest City Warriors : LHP Arnie Harper
Batting: RHB John Ryan 0-0: Foul Ball, location: 2F
0-1: Ball
1-1: Ball
2-1: Called Strike
2-2: Foul Ball, location: 2F
2-2: Ground out 5-3 (Groundball, 56, EV 93.1 MPH)
Batting: RHB Craig Greene 0-0: Ball
1-0: Foul Ball, location: 2F
1-1: Ground out 6-3 (Groundball, 6, EV 82.5 MPH)
Batting: RHB Andy Garnet 0-0: Called Strike
0-1: Ball
1-1: Ball
2-1: Foul Ball, location: 2F
2-2: Ball
3-2: Ground out 6-3 (Groundball, 6, EV 88.8 MPH)
Bottom of the 5th over - 0 runs, 0 hits, 0 errors, 0 left on base; Forest City 0 - Texas 3
TOP OF THE 6TH
Forest City Warriors batting - Pitching for Texas Bronze Sox : RHP Jay Mahabir
Batting: SHB Esteban Piñeiro 0-0: Ball
1-0: Ground out 4-3 (Groundball, 34D, EV 107.5 MPH)
Batting: RHB Roberto Vázquez 0-0: Called Strike
0-1: Foul Ball, location: 2F
0-2: Ball
1-2: Fly out, F8 (Flyball, 89M, EV 91.9 MPH)
Batting: LHB Derek Healey 0-0: Ball
1-0: Fly out, F7 (Flyball, 7S, EV 75.6 MPH)
Top of the 6th over - 0 runs, 0 hits, 0 errors, 0 left on base; Forest City 0 - Texas 3
BOTTOM OF THE 6TH
Texas Bronze Sox batting - Pitching for Forest City Warriors : LHP Arnie Harper
Batting: LHB Joe Karnowski 0-0: Ball
1-0: Ball
2-0: Called Strike
2-1: Ball
3-1: Foul Ball, location: 2F
3-2: Foul Ball, location: 2F
3-2: Ground out 4-3 (Groundball, 4, EV 97.5 MPH)
Batting: RHB Mitsuhide Bando 0-0: Ball
1-0: Swinging Strike
1-1: Swinging Strike
1-2: SINGLE (Flyball, 8LS, EV 92.5 MPH)
Batting: LHB Jayden Laming 0-0: Called Strike
0-1: Ball
1-1: Fielders Choice at 2nd, 4-6 (Groundball, 4, EV 103.1 MPH)
Batting: LHB Dave Watts 0-0: Ball
1-0: Foul Ball, location: 2F
Balk!
Jayden Laming to second
1-1: Ball
2-1: Foul Ball, location: 2F
2-2: Strikes out looking
Bottom of the 6th over - 0 runs, 1 hit, 0 errors, 1 left on base; Forest City 0 - Texas 3
TOP OF THE 7TH
Forest City Warriors batting - Pitching for Texas Bronze Sox : RHP Jay Mahabir
Batting: RHB Wilbur Davis 0-0: Fly out, F5 (Line Drive, 5, EV 73.8 MPH)
Batting: RHB Tom Camden 0-0: Ball
1-0: Foul Ball, location: 2F
1-1: Swinging Strike
1-2: Fly out, F3 (Popup, 3SF, EV 76.9 MPH)
Batting: LHB Bob Giles 0-0: Called Strike
0-1: Called Strike
0-2: Ball
1-2: Strikes out swinging
Top of the 7th over - 0 runs, 0 hits, 0 errors, 0 left on base; Forest City 0 - Texas 3
BOTTOM OF THE 7TH
Texas Bronze Sox batting - Pitching for Forest City Warriors : LHP Arnie Harper
Batting: RHB Gilberto Clemente 0-0: Called Strike
0-1: Swinging Strike
0-2: Foul Ball, location: 2F
0-2: Ball
1-2: Ball
2-2: Fly out, F7 (Flyball, 7, EV 90.0 MPH)
Pitching: RHP Dave Berry
Batting: RHB Víctor Murguia 0-0: Called Strike
0-1: Swinging Strike
0-2: DOUBLE (Line Drive, 7LS, EV 100.0 MPH)
Batting: RHB John Ryan 0-0: Called Strike
0-1: Swinging Strike
0-2: Fly out, F7 (Flyball, 7S, EV 90.6 MPH)
Batting: RHB Craig Greene 0-0: Foul Ball, location: 2F
0-1: Called Strike
0-2: Ball
1-2: Ball
2-2: Ball
3-2: Ground out 6-3 (Groundball, 6, EV 86.2 MPH)
Bottom of the 7th over - 0 runs, 1 hit, 0 errors, 1 left on base; Forest City 0 - Texas 3
TOP OF THE 8TH
Forest City Warriors batting - Pitching for Texas Bronze Sox : RHP Jay Mahabir
Batting: RHB Ernest Franks 0-0: Ball
1-0: Foul Ball, location: 2F
1-1: Ball
2-1: Called Strike
2-2: Ball
3-2: Strikes out swinging
Batting: RHB José Álvarez 0-0: Fly out, F8 (Flyball, 8RS, EV 86.9 MPH)
Batting: RHB Dale Epner 0-0: Called Strike
0-1: Foul Ball, location: 2F
0-2: Ball
1-2: Ball
2-2: Ball
3-2: Foul Ball, location: 2F
3-2: Base on Balls
Batting: SHB Esteban Piñeiro 0-0: Swinging Strike
0-1: Fly out, F9 (Flyball, 89D, EV 78.8 MPH)
Top of the 8th over - 0 runs, 0 hits, 0 errors, 1 left on base; Forest City 0 - Texas 3
BOTTOM OF THE 8TH
Texas Bronze Sox batting - Pitching for Forest City Warriors : RHP Dave Berry
Batting: RHB Andy Garnet 0-0: SINGLE (Groundball, 56D, EV 108.1 MPH)
Batting: LHB Joe Karnowski 0-0: Called Strike
0-1: Called Strike
0-2: Fly out, F9 (Flyball, 9, EV 74.4 MPH)
Batting: RHB Mitsuhide Bando 0-0: Ball
1-0: Foul Ball, location: 2F
1-1: Ball
2-1: Ball
3-1: Base on Balls
Andy Garnet to second
Batting: LHB Jayden Laming 0-0: Called Strike
0-1: Called Strike
0-2: Fly out, F8 (Line Drive, 8RM, EV 106.2 MPH)
Batting: LHB Dave Watts 0-0: Called Strike
0-1: Ball
1-1: Ball
2-1: Foul Ball, location: 2F
2-2: Strikes out swinging
Bottom of the 8th over - 0 runs, 1 hit, 0 errors, 2 left on base; Forest City 0 - Texas 3
TOP OF THE 9TH
Forest City Warriors batting - Pitching for Texas Bronze Sox : RHP Jay Mahabir
Pitching: RHP Maverick McNealy
Batting: RHB Roberto Vázquez 0-0: Ball
1-0: Foul Ball, location: 2F
1-1: Ball
2-1: Foul Ball, location: 2F
2-2: Strikes out swinging
Batting: LHB Derek Healey 0-0: Foul Ball, location: 2F
0-1: Ball
1-1: Called Strike
1-2: Foul Ball, location: 2F
1-2: Foul Ball, location: 2F
1-2: Ground out 1-3 (Groundball, 13, EV 81.9 MPH)
Batting: RHB Wilbur Davis 0-0: Ball
1-0: Foul Ball, location: 2F
1-1: Foul Ball, location: 2F
1-2: Strikes out swinging
Top of the 9th over - 0 runs, 0 hits, 0 errors, 0 left on base; Forest City 0 - Texas 3
Tuesday, January 5th, 2021 - OOTP Baseball 20.8 Build 74